Washington Capitals vs Tampa Bay Lightning
(R1)
Created - Sunday, February 1, 2026 at 07:10
Goals
|
| Washington Capitals |
1 |
2 |
0 |
0 |
0 |
3 |
| Tampa Bay Lightning |
0 |
2 |
1 |
0 |
1 |
4 |
|
Shots
|
| Washington Capitals |
12 |
14 |
7 |
0 |
3 |
33 |
| Tampa Bay Lightning |
10 |
7 |
11 |
1 |
3 |
29 |
|
1st period
1. Washington Capitals , Stefan Noesen 2 (Marco Rossi 9, Drake Batherson 4) at 5:48
Penalties :
Claude Giroux (TBL) for Slashing (Minor) at 5:51, Vincent Desharnais (TBL) for Hooking (Minor) at 12:25, Darnell Nurse (TBL) for Interference (Minor) at 14:41, Nikita Zadorov (WSH) for Roughing (Minor) at 19:26
2nd period
2. Tampa Bay Lightning , Travis Konecny 5 (Jonathan Huberdeau 3, Anze Kopitar 5) at 14:46
3. Washington Capitals , Drake Batherson 6 (Jason Robertson 8, Tomas Hertl 7) at 18:48 (PP)
4. Tampa Bay Lightning , Claude Giroux 6 (Darnell Nurse 10, Michael Matheson 8) at 19:04
5. Washington Capitals , Tomas Hertl 5 (Jason Robertson 9, Ian Cole 2) at 19:42
Penalties :
Nikita Zadorov (WSH) for High sticking (Minor) at 5:35, Jonathan Huberdeau (TBL) for Interference (Minor) at 9:35, Shane Pinto (WSH) for Interference (Minor) at 14:54, Darnell Nurse (TBL) for Tripping (Minor) at 15:11, Ben Chiarot (TBL) for Slashing (Minor) at 18:43
3rd period
6. Tampa Bay Lightning , Travis Konecny 6 (Michael Matheson 9, Jonathan Huberdeau 4) at 17:04
Penalties :
Darnell Nurse (TBL) for Slashing (Minor) at 1:26, Tyler Myers (WSH) for Roughing (Double Minor) at 10:31, Nikita Zadorov (WSH) for Interference (Minor) at 17:07
Overtime #1
No Goal
Penalties :
No Penalty
Shootout
Washington Capitals, Jason Robertson - Stopped by Darcy Kuemper
Tampa Bay Lightning, Trevor Moore - Stopped by Jake Oettinger
Washington Capitals, Frederick Gaudreau - Stopped by Darcy Kuemper
Tampa Bay Lightning, Anze Kopitar - Stopped by Jake Oettinger
Washington Capitals, Lars Eller - Stopped by Darcy Kuemper
Tampa Bay Lightning, Filip Forsberg - Goal!
Penalties :
No Penalty
Goalie Stats
Jake Oettinger (WSH), 26 saves from 29 shots - (0.897), OTL, 4-4-2, 65:00 minutes
Darcy Kuemper (TBL), 30 saves from 33 shots - (0.909), W, 11-3-0, 65:00 minutes
Players Stats for Washington Capitals
Player Name G A P +/- PIM S H SB GA TA FO MP PP MP PK MP
------------------------------------------------------------------------------------
Alex Ovechkin 0 0 0 0 0 3 2 0 1 1 0/1 18:03 5:59 0:00
Drake Batherson 1 1 2 -2 0 4 0 0 0 0 1/1 13:29 4:18 0:09
Frederick Gaudreau 0 0 0 1 0 0 0 3 0 0 3/6 14:08 0:00 4:43
Ian Cole 0 1 1 1 0 0 0 1 0 2 0/0 17:07 0:00 4:54
Jamie Oleksiak 0 0 0 -1 0 0 1 1 0 0 0/0 22:22 0:17 4:44
Jason Robertson 0 2 2 0 0 4 0 0 0 0 0/0 19:02 5:47 0:00
John Carlson 0 0 0 -1 0 3 0 2 1 0 0/0 27:14 4:30 4:54
Lars Eller 0 0 0 -2 0 0 0 0 0 0 3/6 10:49 0:00 0:55
Marco Rossi 0 1 1 1 0 1 0 1 0 0 3/5 14:14 4:13 0:00
Nick Foligno 0 0 0 0 0 1 1 1 0 0 0/1 18:02 4:18 4:42
Nick Jensen 0 0 0 -1 0 1 1 0 0 1 0/0 14:55 0:00 1:33
Nikita Zadorov 0 0 0 -1 6 0 3 0 1 0 0/0 12:35 0:00 1:16
Sean Kuraly 0 0 0 -2 0 5 0 0 0 0 1/3 12:19 0:17 0:48
Shane Pinto 0 0 0 0 2 1 2 1 0 0 9/23 22:32 5:59 4:33
Stefan Noesen 1 0 1 1 0 2 3 1 0 0 0/0 9:42 0:00 0:00
Tom Wilson 0 0 0 0 0 4 3 1 1 1 0/1 19:47 5:42 4:36
Tomas Hertl 1 1 2 0 0 3 3 1 0 1 6/14 16:36 4:18 0:00
Tyler Myers 0 0 0 1 4 1 0 1 1 0 0/0 25:04 5:47 3:05
Players Stats for Tampa Bay Lightning
Player Name G A P +/- PIM S H SB GA TA FO MP PP MP PK MP
------------------------------------------------------------------------------------
Anze Kopitar 0 1 1 1 0 2 0 0 0 0 16/21 23:47 4:40 4:57
Ben Chiarot 0 0 0 0 2 1 1 2 0 1 0/0 26:27 4:20 4:11
Claude Giroux 1 0 1 0 2 3 2 0 1 0 1/3 22:08 4:40 4:21
Darnell Nurse 0 1 1 1 6 3 2 2 0 2 0/0 23:45 4:56 3:11
Dylan Cozens 0 0 0 0 0 0 1 0 1 1 1/1 11:37 1:02 0:13
Filip Forsberg 0 0 0 0 0 4 1 0 2 1 0/3 17:18 4:40 0:00
Hampus Lindholm 0 0 0 0 0 1 0 3 0 0 0/0 17:05 0:49 5:26
Jamie Benn 0 0 0 0 0 0 1 0 0 0 10/16 14:32 0:08 4:35
Jason Dickinson 0 0 0 0 0 0 0 0 1 0 0/2 8:29 0:25 1:08
Jonathan Huberdeau 0 2 2 1 2 2 2 1 0 0 0/0 11:35 0:58 0:00
Justin Brazeau 0 0 0 0 0 1 1 1 0 0 0/0 8:31 0:06 0:00
Kirill Kaprizov 0 0 0 0 0 3 1 0 1 0 0/1 15:29 4:41 0:09
Michael Matheson 0 2 2 1 0 1 2 1 0 0 0/0 22:38 5:10 0:36
Moritz Seider 0 0 0 0 0 0 0 3 0 0 0/0 29:16 5:10 4:50
Roope Hintz 0 0 0 0 0 1 2 0 0 0 7/13 17:05 4:38 0:00
Travis Konecny 2 0 2 1 0 4 2 0 0 0 0/0 14:42 4:41 0:00
Trevor Moore 0 0 0 0 0 3 1 1 0 0 0/1 11:54 0:00 5:11
Vincent Desharnais 0 0 0 0 2 0 0 1 0 0 0/0 11:36 0:00 2:20
3 Stars
1 - Travis Konecny (TBL)
2 - Tomas Hertl (WSH)
3 - Michael Matheson (TBL)
Power Play
Washington Capitals - 1 on 7 Attempt(s) - 14.29%
Tampa Bay Lightning - 0 on 6 Attempt(s) - 0.00%
Penalty Kill
Washington Capitals - 6 on 6 Attempt(s) - 100.00%
- Score 0 goal in Penalty Kill
Tampa Bay Lightning - 6 on 7 Attempt(s) - 85.71%
- Score 0 goal in Penalty Kill
Team Stat
Washington Capitals - Hits : 19 - Faceoff Wins : 26 - Blocked Shots : 14 - Penalty Minutes : 12
Tampa Bay Lightning - Hits : 19 - Faceoff Wins : 35 - Blocked Shots : 15 - Penalty Minutes : 14
Official
Referees : Frederick L'Ecuyer and Chris Schlenker
Linesman : Jonny Murray and Caleb Apperson
Game Notes
No Game Note
Finance
Level 1 -- Attendance: 5539 (92.32%) -- Ticket Income $526,205
Level 2 -- Attendance: 5000 (100.00%) -- Ticket Income $275,000
Level 3 -- Attendance: 3000 (100.00%) -- Ticket Income $96,000
Level 4 -- Attendance: 5000 (100.00%) -- Ticket Income $110,000
Luxury Box -- Attendance: 767 (76.70%) -- Ticket Income $148,031
Game was played at the Tampa Bay Times Forum.
Total Attendance: 19306 (96.53%)
Total Ticket Income: $1,155,236
Other Income: $404,333
Total Income: $1,559,569
Washington Capitals
5 vs 5 Forward
Center Left Wing Right Wing Time % Phy DF OF
1 Shane Pinto Alex Ovechkin Tom Wilson 30 0 2 3
2 Tomas Hertl Jason Robertson Nick Foligno 29 0 2 3
3 Marco Rossi Frederick Gaudreau Stefan Noesen 28 0 2 3
4 Lars Eller Sean Kuraly Drake Batherson 13 0 2 3
5 vs 5 Defense
Defense Defense Time % Phy DF OF
1 John Carlson Jamie Oleksiak 37 0 3 2
2 Tyler Myers Ian Cole 34 0 3 2
3 Nikita Zadorov Nick Jensen 29 1 3 1
4 Nikita Zadorov Nick Jensen 0 1 2 2
PowerPlay Forward
Center Left Wing Right Wing Time % Phy DF OF
1 Shane Pinto Alex Ovechkin Tom Wilson 50 0 1 4
2 Tomas Hertl Drake Batherson Nick Foligno 50 0 1 4
PowerPlay Defense
Defense Defense Time % Phy DF OF
1 John Carlson Marco Rossi 50 0 2 3
2 Tyler Myers Jason Robertson 50 0 2 3
Penalty Kill 4 Players Forward
Center Wing Time % Phy DF OF
1 Shane Pinto Tom Wilson 50 0 4 1
2 Frederick Gaudreau Nick Foligno 50 0 4 1
Penalty Kill 4 Players Defense
Defense Defense Time % Phy DF OF
1 John Carlson Jamie Oleksiak 50 1 4 0
2 Tyler Myers Ian Cole 50 1 4 0
Penalty Kill - 3 Players Forward
Forward Time % Phy DF OF
1 Shane Pinto 50 0 5 0
2 Frederick Gaudreau 50 1 2 2
Penalty Kill - 3 Players Defense
Defense Defense Time % Phy DF OF
1 John Carlson Nikita Zadorov 50 1 4 0
2 Tyler Myers Ian Cole 50 1 4 0
4 vs 4 Forward
Center Wing Time % Phy DF OF
1 Shane Pinto Alex Ovechkin 50 1 1 3
2 Tomas Hertl Jason Robertson 50 1 1 3
4 vs 4 Defense
Defense Defense Time % Phy DF OF
1 John Carlson Jamie Oleksiak 50 1 2 2
2 Tyler Myers Nick Jensen 50 1 2 2
Last Minutes Offensive
Center Left Wing Right Wing Defense Defense
Tomas Hertl Alex Ovechkin Tom Wilson John Carlson Jason Robertson
Last Minutes Defensive
Center Left Wing Right Wing Defense Defense
Shane Pinto Frederick Gaudreau Nick Foligno Ian Cole Jamie Oleksiak
Goaltenders
Starting : Jake Oettinger
Backup : Casey DeSmith
Extra Forwards
Normal : Sean Kuraly, Lars Eller, Stefan Noesen - PP : Stefan Noesen, Frederick Gaudreau - PK : Sean Kuraly
Extra Defensemen
Normal : Nikita Zadorov, Nick Jensen, Ian Cole - PP : Nick Jensen - PK : Nick Jensen, Nikita Zadorov
Penalty Shots
Jason Robertson, Frederick Gaudreau, Lars Eller, Alex Ovechkin, Drake Batherson
Scratches
Noah Warren (Healthy), Fabian Zetterlund (Healthy)
Tampa Bay Lightning
5 vs 5 Forward
Center Left Wing Right Wing Time % Phy DF OF
1 Roope Hintz Filip Forsberg Dylan Cozens 30 1 2 2
2 Anze Kopitar Jonathan Huberdeau Travis Konecny 30 1 2 2
3 Jamie Benn Kirill Kaprizov Claude Giroux 30 1 2 2
4 Jason Dickinson Trevor Moore Justin Brazeau 10 1 2 2
5 vs 5 Defense
Defense Defense Time % Phy DF OF
1 Michael Matheson Darnell Nurse 40 1 2 2
2 Moritz Seider Ben Chiarot 40 1 2 2
3 Hampus Lindholm Vincent Desharnais 20 1 2 2
4 Moritz Seider Michael Matheson 0 1 2 2
PowerPlay Forward
Center Left Wing Right Wing Time % Phy DF OF
1 Roope Hintz Kirill Kaprizov Travis Konecny 50 1 2 2
2 Anze Kopitar Filip Forsberg Claude Giroux 50 1 2 2
PowerPlay Defense
Defense Defense Time % Phy DF OF
1 Moritz Seider Michael Matheson 50 1 2 2
2 Darnell Nurse Ben Chiarot 50 1 2 2
Penalty Kill 4 Players Forward
Center Wing Time % Phy DF OF
1 Anze Kopitar Jamie Benn 50 1 2 2
2 Claude Giroux Trevor Moore 50 1 2 2
Penalty Kill 4 Players Defense
Defense Defense Time % Phy DF OF
1 Moritz Seider Hampus Lindholm 50 1 2 2
2 Darnell Nurse Ben Chiarot 50 1 2 2
Penalty Kill - 3 Players Forward
Forward Time % Phy DF OF
1 Claude Giroux 50 1 2 2
2 Jason Dickinson 50 1 2 2
Penalty Kill - 3 Players Defense
Defense Defense Time % Phy DF OF
1 Moritz Seider Hampus Lindholm 50 1 2 2
2 Darnell Nurse Ben Chiarot 50 1 2 2
4 vs 4 Forward
Center Wing Time % Phy DF OF
1 Anze Kopitar Claude Giroux 50 1 2 2
2 Roope Hintz Filip Forsberg 50 1 2 2
4 vs 4 Defense
Defense Defense Time % Phy DF OF
1 Moritz Seider Michael Matheson 50 1 2 2
2 Darnell Nurse Ben Chiarot 50 1 2 2
Last Minutes Offensive
Center Left Wing Right Wing Defense Defense
Roope Hintz Filip Forsberg Claude Giroux Moritz Seider Michael Matheson
Last Minutes Defensive
Center Left Wing Right Wing Defense Defense
Claude Giroux Trevor Moore Jason Dickinson Moritz Seider Michael Matheson
Goaltenders
Starting : Darcy Kuemper
Backup : Jeremy Swayman
Extra Forwards
Normal : Justin Brazeau, Kirill Kaprizov, Jonathan Huberdeau - PP : Jonathan Huberdeau, Dylan Cozens - PK : Jason Dickinson
Extra Defensemen
Normal : Darnell Nurse, Moritz Seider, Hampus Lindholm - PP : Hampus Lindholm - PK : Vincent Desharnais, Hampus Lindholm
Penalty Shots
Trevor Moore, Anze Kopitar, Filip Forsberg, Jamie Benn, Jonathan Huberdeau
Scratches
None
% Time on Ice - Washington Capitals
Lines # - Real PCT - Wanted PCT - Time Play
Normal Forward
1 - 27% - 30% - 10:15
2 - 25% - 29% - 9:33
3 - 25% - 28% - 9:25
4 - 23% - 13% - 8:35
Normal Defense
1 - 39% - 37% - 14:55
2 - 34% - 34% - 12:54
3 - 26% - 29% - 9:59
4 - 0% - 0% - 0:00
PP Forward
1 - 58% - 50% - 5:59
2 - 42% - 50% - 4:18
PP Defense
1 - 44% - 50% - 4:30
2 - 56% - 50% - 5:47
PK Forward
1 - 50% - 50% - 5:04
2 - 50% - 50% - 5:09
PK Defense
1 - 43% - 50% - 4:23
2 - 57% - 50% - 5:50
PK3 Forward
1 - 0% - 50%
2 - 0% - 50%
PK3 Defense
1 - 0% - 50%
2 - 0% - 50%
44 Forward
1 - 47% - 50% - 3:10
2 - 53% - 50% - 3:32
44 Defense
1 - 43% - 50% - 2:51
2 - 57% - 50% - 3:51
Last Minute Offensive - 0:00
Last Minute Defensive - 0:00
Total
Forward - 65:00
Defense - 65:00
|
% Time on Ice - Tampa Bay Lightning
Lines # - Real PCT - Wanted PCT - Time Play
Normal Forward
1 - 30% - 30% - 11:15
2 - 28% - 30% - 10:38
3 - 24% - 30% - 9:12
4 - 18% - 10% - 6:43
Normal Defense
1 - 38% - 40% - 14:12
2 - 41% - 40% - 15:28
3 - 20% - 20% - 7:38
4 - 1% - 0% - 0:30
PP Forward
1 - 50% - 50% - 5:06
2 - 50% - 50% - 5:07
PP Defense
1 - 51% - 50% - 5:10
2 - 49% - 50% - 5:03
PK Forward
1 - 48% - 50% - 4:57
2 - 52% - 50% - 5:20
PK Defense
1 - 50% - 50% - 5:09
2 - 50% - 50% - 5:08
PK3 Forward
1 - 0% - 50%
2 - 0% - 50%
PK3 Defense
1 - 0% - 50%
2 - 0% - 50%
44 Forward
1 - 48% - 50% - 3:13
2 - 52% - 50% - 3:29
44 Defense
1 - 43% - 50% - 2:53
2 - 57% - 50% - 3:49
Last Minute Offensive - 0:00
Last Minute Defensive - 0:00
Total
Forward - 65:00
Defense - 65:00
|
Play-by-Play
1st period
0:01 of 1st period - Shane Pinto wins face-off versus Roope Hintz in neutral zone.
0:08 of 1st period - Snap shot by Tom Wilson.
0:08 of 1st period - Shot Misses the Net.
0:17 of 1st period - Off-side.
0:18 of 1st period - Anze Kopitar wins face-off versus Tomas Hertl in neutral zone.
1:01 of 1st period - Snap shot by Kirill Kaprizov.
1:01 of 1st period - Shot Misses the Net.
1:03 of 1st period - Backhand shot by Hampus Lindholm.
1:03 of 1st period - Deflect By Kirill Kaprizov.
1:03 of 1st period - Shot Misses the Net.
1:03 of 1st period - Puck is out of play.
1:04 of 1st period - Lars Eller wins face-off versus Jason Dickinson in Washington Capitals zone.
1:31 of 1st period - Claude Giroux is hit by Tom Wilson and loses puck.
2:00 of 1st period - Roope Hintz is hit by Stefan Noesen.
2:42 of 1st period - Backhand shot by Drake Batherson.
2:42 of 1st period - Shot Misses the Net.
2:44 of 1st period - Wrist shot by Lars Eller.
2:44 of 1st period - Shot Blocked by Hampus Lindholm.
2:46 of 1st period - Slapshot by John Carlson.
2:46 of 1st period - Stopped by Darcy Kuemper without a rebound.
2:47 of 1st period - Roope Hintz wins face-off versus Shane Pinto in Tampa Bay Lightning zone.
2:47 of 1st period - Roope Hintz is hit by Nikita Zadorov.
2:57 of 1st period - Snap shot by Tom Wilson.
2:57 of 1st period - Stopped by Darcy Kuemper with a rebound.
3:03 of 1st period - Snap shot by Alex Ovechkin.
3:03 of 1st period - Shot Blocked by Ben Chiarot.
3:22 of 1st period - Snap shot by Marco Rossi.
3:22 of 1st period - Shot Blocked by Moritz Seider.
4:01 of 1st period - Wrist shot by Alex Ovechkin.
4:01 of 1st period - Stopped by Darcy Kuemper with a rebound.
4:34 of 1st period - Wrist shot by Claude Giroux.
4:34 of 1st period - Stopped by Jake Oettinger with a rebound.
4:58 of 1st period - Snap shot by Jason Robertson.
4:58 of 1st period - Stopped by Darcy Kuemper with a rebound.
5:18 of 1st period - Snap shot by Roope Hintz.
5:18 of 1st period - Shot Blocked by John Carlson.
5:48 of 1st period - Wrist shot by Stefan Noesen.
5:48 of 1st period - Goal by Stefan Noesen - Washington Capitals : 1 - Tampa Bay Lightning : 0.
5:49 of 1st period - Jamie Benn wins face-off versus Shane Pinto in neutral zone.
5:51 of 1st period - Minor Penalty to Claude Giroux for Slashing.
5:52 of 1st period - Anze Kopitar wins face-off versus Shane Pinto in Tampa Bay Lightning zone.
6:04 of 1st period - Snap shot by Tom Wilson.
6:04 of 1st period - Shot Misses the Net.
6:06 of 1st period - Slapshot by Shane Pinto.
6:06 of 1st period - Shot Blocked by Hampus Lindholm.
6:08 of 1st period - Snap shot by Shane Pinto.
6:08 of 1st period - Shot Blocked by Moritz Seider.
6:39 of 1st period - Icing by Tyler Myers.
6:40 of 1st period - Shane Pinto wins face-off versus Anze Kopitar in Washington Capitals zone.
7:07 of 1st period - Jamie Benn is hit by Nick Foligno and loses puck.
7:51 of 1st period - Penalty to Claude Giroux is over, Claude Giroux is back on ice.
9:12 of 1st period - John Carlson is hit by Jonathan Huberdeau.
9:32 of 1st period - Snap shot by Roope Hintz.
9:32 of 1st period - Shot Misses the Net.
9:34 of 1st period - Slapshot by Ben Chiarot.
9:34 of 1st period - Stopped by Jake Oettinger without a rebound.
9:35 of 1st period - Roope Hintz wins face-off versus Shane Pinto in Washington Capitals zone.
9:36 of 1st period - Slapshot by Filip Forsberg.
9:36 of 1st period - Shot Misses the Net.
9:38 of 1st period - Snap shot by Dylan Cozens.
9:38 of 1st period - Shot Misses the Net.
9:40 of 1st period - Snap shot by Roope Hintz.
9:40 of 1st period - Shot Blocked by Ian Cole.
9:56 of 1st period - Slapshot by Kirill Kaprizov.
9:56 of 1st period - Stopped by Jake Oettinger with a rebound.
10:16 of 1st period - Sean Kuraly is hit by Travis Konecny and loses puck.
10:43 of 1st period - Snap shot by Justin Brazeau.
10:43 of 1st period - Stopped by Jake Oettinger without a rebound.
10:44 of 1st period - Roope Hintz wins face-off versus Nick Foligno in Washington Capitals zone.
10:45 of 1st period - Slapshot by Dylan Cozens.
10:45 of 1st period - Shot Misses the Net.
11:11 of 1st period - Tom Wilson is hit by Jamie Benn.
11:15 of 1st period - Ben Chiarot is hit by Alex Ovechkin and loses puck.
11:30 of 1st period - Frederick Gaudreau is hit by Jonathan Huberdeau and loses puck.
11:57 of 1st period - Slapshot by Drake Batherson.
11:57 of 1st period - Shot Misses the Net.
12:15 of 1st period - Nick Foligno is hit by Dylan Cozens and loses puck.
12:25 of 1st period - Minor Penalty to Vincent Desharnais for Hooking.
12:26 of 1st period - Jamie Benn wins face-off versus Tomas Hertl in Tampa Bay Lightning zone.
12:51 of 1st period - Ben Chiarot is hit by Tom Wilson and loses puck.
13:10 of 1st period - Slapshot by Anze Kopitar.
13:10 of 1st period - Shot Misses the Net.
13:12 of 1st period - Wrist shot by Trevor Moore.
13:12 of 1st period - Shot Blocked by Marco Rossi.
13:14 of 1st period - Slapshot by Darnell Nurse.
13:14 of 1st period - Stopped by Jake Oettinger without a rebound.
13:15 of 1st period - Shane Pinto wins face-off versus Claude Giroux in Washington Capitals zone.
13:30 of 1st period - Shane Pinto is hit by Claude Giroux and loses puck.
13:39 of 1st period - Snap shot by Trevor Moore.
13:39 of 1st period - Stopped by Jake Oettinger with a rebound.
14:16 of 1st period - Wrist shot by Tom Wilson.
14:16 of 1st period - Shot Misses the Net.
14:18 of 1st period - Slapshot by Tyler Myers.
14:18 of 1st period - Deflect By Drake Batherson.
14:18 of 1st period - Shot Misses the Net.
14:18 of 1st period - Puck is out of play.
14:19 of 1st period - Anze Kopitar wins face-off versus Tomas Hertl in Tampa Bay Lightning zone.
14:25 of 1st period - Penalty to Vincent Desharnais is over, Vincent Desharnais is back on ice.
14:28 of 1st period - Wrist shot by Tomas Hertl.
14:28 of 1st period - Stopped by Darcy Kuemper with a rebound.
14:30 of 1st period - Slapshot by Nick Foligno.
14:30 of 1st period - Stopped by Darcy Kuemper without a rebound.
14:31 of 1st period - Marco Rossi wins face-off versus Filip Forsberg in Tampa Bay Lightning zone.
14:41 of 1st period - Minor Penalty to Darnell Nurse for Interference.
14:42 of 1st period - Anze Kopitar wins face-off versus Tomas Hertl in Tampa Bay Lightning zone.
14:42 of 1st period - Anze Kopitar is hit by Tomas Hertl.
15:20 of 1st period - Snap shot by Drake Batherson.
15:20 of 1st period - Stopped by Darcy Kuemper without a rebound.
15:21 of 1st period - Shane Pinto wins face-off versus Anze Kopitar in Tampa Bay Lightning zone.
15:22 of 1st period - Snap shot by Tom Wilson.
15:22 of 1st period - Stopped by Darcy Kuemper without a rebound.
15:23 of 1st period - Anze Kopitar wins face-off versus Shane Pinto in Tampa Bay Lightning zone.
15:34 of 1st period - Snap shot by Alex Ovechkin.
15:34 of 1st period - Stopped by Darcy Kuemper with a rebound.
15:36 of 1st period - Wrist shot by Tom Wilson.
15:36 of 1st period - Stopped by Darcy Kuemper without a rebound.
15:37 of 1st period - Anze Kopitar wins face-off versus Tomas Hertl in Tampa Bay Lightning zone.
16:41 of 1st period - Penalty to Darnell Nurse is over, Darnell Nurse is back on ice.
17:43 of 1st period - Snap shot by Jonathan Huberdeau.
17:43 of 1st period - Stopped by Jake Oettinger without a rebound.
17:44 of 1st period - Anze Kopitar wins face-off versus Shane Pinto in Washington Capitals zone.
17:45 of 1st period - Wrist shot by Travis Konecny.
17:45 of 1st period - Stopped by Jake Oettinger with a rebound.
17:47 of 1st period - Slapshot by Darnell Nurse.
17:47 of 1st period - Shot Misses the Net.
17:53 of 1st period - Snap shot by Travis Konecny.
17:53 of 1st period - Stopped by Jake Oettinger with a rebound.
17:55 of 1st period - Slapshot by Jonathan Huberdeau.
17:55 of 1st period - Stopped by Jake Oettinger with a rebound.
17:57 of 1st period - Slapshot by Michael Matheson.
17:57 of 1st period - Shot Blocked by Tom Wilson.
17:59 of 1st period - Slapshot by Michael Matheson.
17:59 of 1st period - Deflect By Jonathan Huberdeau.
17:59 of 1st period - Shot Blocked by Jamie Oleksiak.
17:59 of 1st period - Puck is out of play.
18:00 of 1st period - Tomas Hertl wins face-off versus Kirill Kaprizov in Washington Capitals zone.
18:51 of 1st period - Off-side.
18:52 of 1st period - Anze Kopitar wins face-off versus Shane Pinto in neutral zone.
19:01 of 1st period - Snap shot by Tom Wilson.
19:01 of 1st period - Stopped by Darcy Kuemper without a rebound.
19:02 of 1st period - Tomas Hertl wins face-off versus Jamie Benn in Tampa Bay Lightning zone.
19:05 of 1st period - Wrist shot by Tomas Hertl.
19:05 of 1st period - Shot Misses the Net.
19:26 of 1st period - Minor Penalty to Nikita Zadorov for Roughing.
19:27 of 1st period - Roope Hintz wins face-off versus Shane Pinto in Washington Capitals zone.
19:58 of 1st period - Wrist shot by Roope Hintz.
19:58 of 1st period - Shot Misses the Net.
Goals for this period are 1 for Washington Capitals vs 0 for Tampa Bay Lightning.
Shots for this period are 12 for Washington Capitals vs 10 for Tampa Bay Lightning.
2nd period
0:01 of 2nd period - Shane Pinto wins face-off versus Filip Forsberg in neutral zone.
0:24 of 2nd period - Tyler Myers is hit by Darnell Nurse and loses puck.
1:17 of 2nd period - Icing by Darnell Nurse.
1:18 of 2nd period - Roope Hintz wins face-off versus Tom Wilson in Tampa Bay Lightning zone.
1:26 of 2nd period - Penalty to Nikita Zadorov is over, Nikita Zadorov is back on ice.
1:57 of 2nd period - Tomas Hertl is hit by Kirill Kaprizov and loses puck.
2:18 of 2nd period - Wrist shot by Alex Ovechkin.
2:18 of 2nd period - Shot Misses the Net.
2:20 of 2nd period - Snap shot by Shane Pinto.
2:20 of 2nd period - Stopped by Darcy Kuemper with a rebound.
2:22 of 2nd period - Wrist shot by Shane Pinto.
2:22 of 2nd period - Shot Blocked by Hampus Lindholm.
2:52 of 2nd period - Wrist shot by Stefan Noesen.
2:52 of 2nd period - Stopped by Darcy Kuemper with a rebound.
2:54 of 2nd period - Slapshot by Nick Jensen.
2:54 of 2nd period - Shot Blocked by Justin Brazeau.
2:56 of 2nd period - Slapshot by Nick Jensen.
2:56 of 2nd period - Stopped by Darcy Kuemper with a rebound.
2:58 of 2nd period - Wrist shot by Sean Kuraly.
2:58 of 2nd period - Shot Misses the Net.
3:00 of 2nd period - Wrist shot by Lars Eller.
3:00 of 2nd period - Shot Blocked by Ben Chiarot.
3:02 of 2nd period - Wrist shot by Drake Batherson.
3:02 of 2nd period - Stopped by Darcy Kuemper without a rebound.
3:03 of 2nd period - Shane Pinto wins face-off versus Jamie Benn in Tampa Bay Lightning zone.
3:57 of 2nd period - Snap shot by Anze Kopitar.
3:57 of 2nd period - Shot Hit the Post.
4:15 of 2nd period - Snap shot by Sean Kuraly.
4:15 of 2nd period - Stopped by Darcy Kuemper with a rebound.
4:17 of 2nd period - Snap shot by Ian Cole.
4:17 of 2nd period - Shot Misses the Net.
4:19 of 2nd period - Slapshot by Drake Batherson.
4:19 of 2nd period - Shot Misses the Net.
4:21 of 2nd period - Snap shot by Drake Batherson.
4:21 of 2nd period - Shot Misses the Net.
4:25 of 2nd period - Wrist shot by Sean Kuraly.
4:25 of 2nd period - Stopped by Darcy Kuemper without a rebound.
4:26 of 2nd period - Jamie Benn wins face-off versus Shane Pinto in Tampa Bay Lightning zone.
4:26 of 2nd period - Jamie Benn is hit by Shane Pinto.
4:32 of 2nd period - Snap shot by Jamie Benn.
4:32 of 2nd period - Shot Misses the Net.
5:16 of 2nd period - Wrist shot by Stefan Noesen.
5:16 of 2nd period - Shot Misses the Net.
5:18 of 2nd period - Snap shot by Stefan Noesen.
5:18 of 2nd period - Shot Misses the Net.
5:20 of 2nd period - Snap shot by Jamie Oleksiak.
5:20 of 2nd period - Shot Blocked by Jonathan Huberdeau.
5:35 of 2nd period - Minor Penalty to Nikita Zadorov for High sticking.
5:36 of 2nd period - Frederick Gaudreau wins face-off versus Filip Forsberg in Washington Capitals zone.
5:47 of 2nd period - Ian Cole is hit by Ben Chiarot and loses puck.
6:08 of 2nd period - Off-side.
6:09 of 2nd period - Roope Hintz wins face-off versus Frederick Gaudreau in neutral zone.
7:35 of 2nd period - Penalty to Nikita Zadorov is over, Nikita Zadorov is back on ice.
8:12 of 2nd period - Snap shot by Sean Kuraly.
8:12 of 2nd period - Stopped by Darcy Kuemper with a rebound.
8:46 of 2nd period - Justin Brazeau is hit by Stefan Noesen and loses puck.
9:35 of 2nd period - Minor Penalty to Jonathan Huberdeau for Interference.
9:36 of 2nd period - Claude Giroux wins face-off versus Tomas Hertl in Tampa Bay Lightning zone.
11:35 of 2nd period - Penalty to Jonathan Huberdeau is over, Jonathan Huberdeau is back on ice.
11:49 of 2nd period - Frederick Gaudreau is hit by Michael Matheson and loses puck.
12:13 of 2nd period - Icing by Nikita Zadorov.
12:14 of 2nd period - Lars Eller wins face-off versus Trevor Moore in Washington Capitals zone.
12:14 of 2nd period - Lars Eller is hit by Trevor Moore.
12:20 of 2nd period - Snap shot by Sean Kuraly.
12:20 of 2nd period - Shot Blocked by Michael Matheson.
12:24 of 2nd period - Slapshot by Lars Eller.
12:24 of 2nd period - Shot Misses the Net.
12:52 of 2nd period - John Carlson is hit by Roope Hintz and loses puck.
13:03 of 2nd period - Wrist shot by Dylan Cozens.
13:03 of 2nd period - Shot Misses the Net.
13:55 of 2nd period - Snap shot by Stefan Noesen.
13:55 of 2nd period - Shot Misses the Net.
14:44 of 2nd period - Snap shot by Jonathan Huberdeau.
14:44 of 2nd period - Shot Misses the Net.
14:46 of 2nd period - Wrist shot by Jonathan Huberdeau.
14:46 of 2nd period - Deflect By Travis Konecny.
14:46 of 2nd period - Goal by Travis Konecny - Washington Capitals : 1 - Tampa Bay Lightning : 1.
14:47 of 2nd period - Jamie Benn wins face-off versus Shane Pinto in neutral zone.
14:50 of 2nd period - Snap shot by Kirill Kaprizov.
14:50 of 2nd period - Stopped by Jake Oettinger without a rebound.
14:51 of 2nd period - Shane Pinto wins face-off versus Jamie Benn in Washington Capitals zone.
14:51 of 2nd period - Shane Pinto is hit by Claude Giroux.
14:54 of 2nd period - Minor Penalty to Shane Pinto for Interference.
14:55 of 2nd period - Anze Kopitar wins face-off versus Frederick Gaudreau in Washington Capitals zone.
14:55 of 2nd period - Wrist shot by Filip Forsberg.
14:55 of 2nd period - Stopped by Jake Oettinger without a rebound.
14:56 of 2nd period - Anze Kopitar wins face-off versus Frederick Gaudreau in Washington Capitals zone.
15:05 of 2nd period - Wrist shot by Anze Kopitar.
15:05 of 2nd period - Stopped by Jake Oettinger without a rebound.
15:06 of 2nd period - Sean Kuraly wins face-off versus Roope Hintz in Washington Capitals zone.
15:11 of 2nd period - Minor Penalty to Darnell Nurse for Tripping.
15:12 of 2nd period - Anze Kopitar wins face-off versus Sean Kuraly in Tampa Bay Lightning zone.
15:46 of 2nd period - Snap shot by Jason Robertson.
15:46 of 2nd period - Stopped by Darcy Kuemper without a rebound.
15:47 of 2nd period - Tomas Hertl wins face-off versus Roope Hintz in Tampa Bay Lightning zone.
15:50 of 2nd period - Slapshot by Jason Robertson.
15:50 of 2nd period - Stopped by Darcy Kuemper with a rebound.
16:34 of 2nd period - Snap shot by Filip Forsberg.
16:34 of 2nd period - Shot Misses the Net.
16:46 of 2nd period - Snap shot by Roope Hintz.
16:46 of 2nd period - Deflect By Filip Forsberg.
16:46 of 2nd period - Shot Blocked by Tyler Myers.
16:46 of 2nd period - Puck is out of play.
16:47 of 2nd period - Anze Kopitar wins face-off versus Sean Kuraly in Washington Capitals zone.
16:54 of 2nd period - Penalty to Shane Pinto is over, Shane Pinto is back on ice.
17:11 of 2nd period - Penalty to Darnell Nurse is over, Darnell Nurse is back on ice.
17:29 of 2nd period - Snap shot by Sean Kuraly.
17:29 of 2nd period - Stopped by Darcy Kuemper with a rebound.
17:31 of 2nd period - Slapshot by Jamie Oleksiak.
17:31 of 2nd period - Shot Misses the Net.
17:33 of 2nd period - Slapshot by John Carlson.
17:33 of 2nd period - Stopped by Darcy Kuemper with a rebound.
17:41 of 2nd period - Snap shot by Alex Ovechkin.
17:41 of 2nd period - Stopped by Darcy Kuemper without a rebound.
17:42 of 2nd period - Marco Rossi wins face-off versus Jason Dickinson in Tampa Bay Lightning zone.
18:09 of 2nd period - Nick Foligno is hit by Filip Forsberg and loses puck.
18:28 of 2nd period - Slapshot by Claude Giroux.
18:28 of 2nd period - Shot Misses the Net.
18:43 of 2nd period - Minor Penalty to Ben Chiarot for Slashing.
18:44 of 2nd period - Tomas Hertl wins face-off versus Anze Kopitar in Tampa Bay Lightning zone.
18:44 of 2nd period - Snap shot by Drake Batherson.
18:44 of 2nd period - Shot Misses the Net.
18:46 of 2nd period - Snap shot by Tomas Hertl.
18:46 of 2nd period - Shot Blocked by Vincent Desharnais.
18:48 of 2nd period - Slapshot by Jason Robertson.
18:48 of 2nd period - Deflect By Drake Batherson.
18:48 of 2nd period - Deflect By Darnell Nurse.
18:48 of 2nd period - Goal by Drake Batherson - Washington Capitals : 2 - Tampa Bay Lightning : 1.
18:49 of 2nd period - Tomas Hertl wins face-off versus Jamie Benn in neutral zone.
19:02 of 2nd period - Slapshot by Darnell Nurse.
19:02 of 2nd period - Stopped by Jake Oettinger with a rebound.
19:04 of 2nd period - Snap shot by Claude Giroux.
19:04 of 2nd period - Goal by Claude Giroux - Washington Capitals : 2 - Tampa Bay Lightning : 2.
19:05 of 2nd period - Jamie Benn wins face-off versus Shane Pinto in neutral zone.
19:42 of 2nd period - Wrist shot by Tomas Hertl.
19:42 of 2nd period - Goal by Tomas Hertl - Washington Capitals : 3 - Tampa Bay Lightning : 2.
19:43 of 2nd period - Jamie Benn wins face-off versus Tomas Hertl in neutral zone.
19:48 of 2nd period - Snap shot by Michael Matheson.
19:48 of 2nd period - Shot Blocked by Nick Foligno.
19:50 of 2nd period - Backhand shot by Claude Giroux.
19:50 of 2nd period - Shot Misses the Net.
19:52 of 2nd period - Slapshot by Darnell Nurse.
19:52 of 2nd period - Stopped by Jake Oettinger with a rebound.
19:54 of 2nd period - Snap shot by Kirill Kaprizov.
19:54 of 2nd period - Shot Misses the Net.
Goals for this period are 2 for Washington Capitals vs 2 for Tampa Bay Lightning.
Shots for this period are 14 for Washington Capitals vs 7 for Tampa Bay Lightning.
3rd period
0:01 of 3rd period - Jamie Benn wins face-off versus Shane Pinto in neutral zone.
1:02 of 3rd period - Moritz Seider is hit by Stefan Noesen and loses puck.
1:13 of 3rd period - Snap shot by Kirill Kaprizov.
1:13 of 3rd period - Stopped by Jake Oettinger without a rebound.
1:14 of 3rd period - Lars Eller wins face-off versus Jamie Benn in Washington Capitals zone.
1:26 of 3rd period - Minor Penalty to Darnell Nurse for Slashing.
1:27 of 3rd period - Tomas Hertl wins face-off versus Claude Giroux in Tampa Bay Lightning zone.
1:27 of 3rd period - Wrist shot by Drake Batherson.
1:27 of 3rd period - Shot Misses the Net.
1:41 of 3rd period - Slapshot by Jason Robertson.
1:41 of 3rd period - Deflect By Tomas Hertl.
1:41 of 3rd period - Shot Blocked by Trevor Moore.
1:41 of 3rd period - Puck is out of play.
1:42 of 3rd period - Anze Kopitar wins face-off versus Alex Ovechkin in Tampa Bay Lightning zone.
1:42 of 3rd period - Anze Kopitar is hit by Tom Wilson.
2:37 of 3rd period - Wrist shot by Alex Ovechkin.
2:37 of 3rd period - Shot Misses the Net.
2:39 of 3rd period - Slapshot by Jason Robertson.
2:39 of 3rd period - Stopped by Darcy Kuemper with a rebound.
2:47 of 3rd period - Wrist shot by Alex Ovechkin.
2:47 of 3rd period - Shot Misses the Net.
3:21 of 3rd period - Snap shot by Shane Pinto.
3:21 of 3rd period - Shot Misses the Net.
3:26 of 3rd period - Penalty to Darnell Nurse is over, Darnell Nurse is back on ice.
3:31 of 3rd period - Shane Pinto is hit by Darnell Nurse and loses puck.
3:55 of 3rd period - Wrist shot by Anze Kopitar.
3:55 of 3rd period - Stopped by Jake Oettinger without a rebound.
3:56 of 3rd period - Drake Batherson wins face-off versus Roope Hintz in Washington Capitals zone.
4:02 of 3rd period - Off-side.
4:03 of 3rd period - Roope Hintz wins face-off versus Lars Eller in neutral zone.
4:32 of 3rd period - Wrist shot by Justin Brazeau.
4:32 of 3rd period - Shot Blocked by Stefan Noesen.
4:34 of 3rd period - Slapshot by Jason Dickinson.
4:34 of 3rd period - Shot Blocked by Frederick Gaudreau.
4:36 of 3rd period - Slapshot by Jason Dickinson.
4:36 of 3rd period - Shot Blocked by Frederick Gaudreau.
4:38 of 3rd period - Slapshot by Trevor Moore.
4:38 of 3rd period - Stopped by Jake Oettinger without a rebound.
4:39 of 3rd period - Jamie Benn wins face-off versus Tomas Hertl in Washington Capitals zone.
5:46 of 3rd period - Slapshot by Jason Robertson.
5:46 of 3rd period - Shot Blocked by Darnell Nurse.
5:52 of 3rd period - Wrist shot by Tomas Hertl.
5:52 of 3rd period - Stopped by Darcy Kuemper with a rebound.
6:29 of 3rd period - Icing by Drake Batherson.
6:30 of 3rd period - Jamie Benn wins face-off versus Lars Eller in Washington Capitals zone.
7:07 of 3rd period - Wrist shot by Roope Hintz.
7:07 of 3rd period - Shot Blocked by Tomas Hertl.
7:09 of 3rd period - Slapshot by Hampus Lindholm.
7:09 of 3rd period - Stopped by Jake Oettinger with a rebound.
7:41 of 3rd period - Stefan Noesen is hit by Justin Brazeau and loses puck.
8:00 of 3rd period - Ben Chiarot is hit by Nikita Zadorov and loses puck.
8:15 of 3rd period - Wrist shot by Filip Forsberg.
8:15 of 3rd period - Stopped by Jake Oettinger with a rebound.
8:39 of 3rd period - Slapshot by John Carlson.
8:39 of 3rd period - Shot Blocked by Darnell Nurse.
8:41 of 3rd period - Snap shot by Lars Eller.
8:41 of 3rd period - Shot Misses the Net.
8:43 of 3rd period - Slapshot by John Carlson.
8:43 of 3rd period - Deflect By Jonathan Huberdeau.
8:43 of 3rd period - Stopped by Darcy Kuemper without a rebound.
8:44 of 3rd period - Jamie Benn wins face-off versus Lars Eller in Tampa Bay Lightning zone.
8:48 of 3rd period - Darnell Nurse is hit by Nikita Zadorov and loses puck.
8:51 of 3rd period - Wrist shot by Claude Giroux.
8:51 of 3rd period - Stopped by Jake Oettinger with a rebound.
8:53 of 3rd period - Wrist shot by Claude Giroux.
8:53 of 3rd period - Shot Misses the Net.
9:05 of 3rd period - Slapshot by Sean Kuraly.
9:05 of 3rd period - Stopped by Darcy Kuemper without a rebound.
9:06 of 3rd period - Anze Kopitar wins face-off versus Shane Pinto in Tampa Bay Lightning zone.
10:13 of 3rd period - Sean Kuraly is hit by Travis Konecny and loses puck.
10:31 of 3rd period - Double Minor Penalty to Tyler Myers for Roughing.
10:32 of 3rd period - Anze Kopitar wins face-off versus Shane Pinto in Washington Capitals zone.
10:42 of 3rd period - Slapshot by Moritz Seider.
10:42 of 3rd period - Shot Blocked by Frederick Gaudreau.
14:31 of 3rd period - Penalty to Tyler Myers is over, Tyler Myers is back on ice.
14:46 of 3rd period - Trevor Moore is hit by Tomas Hertl and loses puck.
15:03 of 3rd period - Wrist shot by Drake Batherson.
15:03 of 3rd period - Stopped by Darcy Kuemper with a rebound.
15:05 of 3rd period - Slapshot by Ian Cole.
15:05 of 3rd period - Shot Misses the Net.
15:09 of 3rd period - Slapshot by Marco Rossi.
15:09 of 3rd period - Shot Misses the Net.
15:11 of 3rd period - Wrist shot by Drake Batherson.
15:11 of 3rd period - Shot Misses the Net.
15:17 of 3rd period - Snap shot by Trevor Moore.
15:17 of 3rd period - Stopped by Jake Oettinger with a rebound.
15:40 of 3rd period - Ian Cole is hit by Roope Hintz.
15:44 of 3rd period - Ian Cole is hit by Michael Matheson and loses puck.
16:15 of 3rd period - Wrist shot by Marco Rossi.
16:15 of 3rd period - Stopped by Darcy Kuemper without a rebound.
16:16 of 3rd period - Anze Kopitar wins face-off versus Marco Rossi in Tampa Bay Lightning zone.
16:41 of 3rd period - Darnell Nurse is hit by Shane Pinto and loses puck.
17:00 of 3rd period - Snap shot by Jonathan Huberdeau.
17:00 of 3rd period - Shot Blocked by John Carlson.
17:02 of 3rd period - Slapshot by Michael Matheson.
17:02 of 3rd period - Stopped by Jake Oettinger with a rebound.
17:04 of 3rd period - Snap shot by Travis Konecny.
17:04 of 3rd period - Goal by Travis Konecny - Washington Capitals : 3 - Tampa Bay Lightning : 3.
17:05 of 3rd period - Marco Rossi wins face-off versus Jamie Benn in neutral zone.
17:07 of 3rd period - Minor Penalty to Nikita Zadorov for Interference.
17:08 of 3rd period - Frederick Gaudreau wins face-off versus Roope Hintz in Washington Capitals zone.
17:21 of 3rd period - Wrist shot by Roope Hintz.
17:21 of 3rd period - Stopped by Jake Oettinger with a rebound.
17:39 of 3rd period - Slapshot by Moritz Seider.
17:39 of 3rd period - Shot Blocked by Shane Pinto.
18:19 of 3rd period - Slapshot by Anze Kopitar.
18:19 of 3rd period - Deflect By Filip Forsberg.
18:19 of 3rd period - Stopped by Jake Oettinger without a rebound.
18:20 of 3rd period - Frederick Gaudreau wins face-off versus Roope Hintz in Washington Capitals zone.
19:07 of 3rd period - Penalty to Nikita Zadorov is over, Nikita Zadorov is back on ice.
19:35 of 3rd period - Wrist shot by Sean Kuraly.
19:35 of 3rd period - Shot Misses the Net.
19:37 of 3rd period - Slapshot by Tyler Myers.
19:37 of 3rd period - Stopped by Darcy Kuemper without a rebound.
19:38 of 3rd period - Dylan Cozens wins face-off versus Marco Rossi in Tampa Bay Lightning zone.
Goals for this period are 0 for Washington Capitals vs 1 for Tampa Bay Lightning.
Shots for this period are 7 for Washington Capitals vs 11 for Tampa Bay Lightning.
Overtime #1
0:01 of 1st overtime period - Shane Pinto wins face-off versus Anze Kopitar in neutral zone.
0:10 of 1st overtime period - Snap shot by Shane Pinto.
0:10 of 1st overtime period - Shot Misses the Net.
0:12 of 1st overtime period - Slapshot by Jamie Oleksiak.
0:12 of 1st overtime period - Shot Blocked by Moritz Seider.
0:14 of 1st overtime period - Slapshot by Jamie Oleksiak.
0:14 of 1st overtime period - Shot Misses the Net.
0:36 of 1st overtime period - Slapshot by Filip Forsberg.
0:36 of 1st overtime period - Stopped by Jake Oettinger with a rebound.
1:04 of 1st overtime period - Ben Chiarot is hit by Alex Ovechkin and loses puck.
1:29 of 1st overtime period - Icing by Jason Robertson.
1:30 of 1st overtime period - Shane Pinto wins face-off versus Anze Kopitar in Washington Capitals zone.
1:41 of 1st overtime period - Michael Matheson is hit by Nick Jensen and loses puck.
3:00 of 1st overtime period - Moritz Seider is hit by Jamie Oleksiak and loses puck.
4:46 of 1st overtime period - Vincent Desharnais is hit by Tomas Hertl and loses puck.
Goals for this period are 0 for Washington Capitals vs 0 for Tampa Bay Lightning.
Shots for this period are 0 for Washington Capitals vs 1 for Tampa Bay Lightning.
ShootOut
5:00 of 1st overtime period - Round #1.
5:00 of 1st overtime period - Washington Capitals, Jason Robertson.
5:00 of 1st overtime period - Backhand shot by Jason Robertson.
5:00 of 1st overtime period - Stopped by Darcy Kuemper.
5:00 of 1st overtime period - Tampa Bay Lightning, Trevor Moore.
5:00 of 1st overtime period - Snap shot by Trevor Moore.
5:00 of 1st overtime period - Stopped by Jake Oettinger.
5:00 of 1st overtime period - Round #2.
5:00 of 1st overtime period - Washington Capitals, Frederick Gaudreau.
5:00 of 1st overtime period - Snap shot by Frederick Gaudreau.
5:00 of 1st overtime period - Stopped by Darcy Kuemper.
5:00 of 1st overtime period - Tampa Bay Lightning, Anze Kopitar.
5:00 of 1st overtime period - Backhand shot by Anze Kopitar.
5:00 of 1st overtime period - Stopped by Jake Oettinger.
5:00 of 1st overtime period - Round #3.
5:00 of 1st overtime period - Washington Capitals, Lars Eller.
5:00 of 1st overtime period - Deke by Lars Eller.
5:00 of 1st overtime period - Stopped by Darcy Kuemper.
5:00 of 1st overtime period - Tampa Bay Lightning, Filip Forsberg.
5:00 of 1st overtime period - Wrist shot by Filip Forsberg.
5:00 of 1st overtime period - Goal by Filip Forsberg.
Back to the Top